[Event "Titled Tuesday Blitz August 15 Early 2023"]
[White "Blokhin, Sofia"]
[Black "FromTexas54"]
[WhiteFideId "4508190"]
[WhiteElo "2301"]
[BlackElo "2501"]
[Result "0-1"]
[Round "2"]
[TimeControl "180+1"]
[Date "2023.08.15"]
[WhiteClock "0:00:05"]
[BlackClock "0:00:42"]
[Board "177"]

1. d4 Nf6 2. c4 e6 3. Nc3 Bb4 4. f3 c5 5. a3 Bxc3+ 6. bxc3 O-O 7. e4 d6 8. Be3 Qa5 9. Qd2 Nc6 10. d5 Ne5 11. h3 b5 12. cxb5 exd5 13. exd5 Re8 14. c4 Nxc4 15. Bxc4 Rxe3+ 16. Ne2 Qxd2+ 17. Kxd2 Re5 18. Nc3 Bb7 19. f4 Ne4+ 20. Ke3 Re7 21. Nxe4 Rae8 22. Rhe1 Rxe4+ 23. Kf2 Rxf4+ 24. Kg3 Rfe4 25. Rxe4 Rxe4 26. Rc1 f5 27. a4 Kf7 28. a5 f4+ 29. Kf3 Rxc4 30. Rxc4 Bxd5+ 31. Re4 g5 32. b6 axb6 33. axb6 Kf6 34. g4 fxg3 35. Ke3 Bxe4 36. Kxe4 g2 37. b7 g1=Q 38. b8=Q Qd4+ 39. Kf3 Qd3+ 40. Kg2 Qe2+ 41. Kg3 Qe5+ 42. Kg2 Qe4+ 43. Kg3 Qd3+ 44. Kg2 Qd5+ 45. Kg3 c4 46. Qh8+ Ke6 47. Qe8+ Kf5 48. Qf8+ Ke4 49. Qf3+ Kd4 50. Qf2+ Kd3 51. Qf1+ Kc3 52. Qc1+ Kd4 53. Qd2+ Kc5 54. Qa5+ Kc6 55. Qa6+ Kc5 56. Qa7+ Kb4 57. Qb6+ Kc3 58. Qb1 Qd3+ 59. Qxd3+ cxd3 0-1


[Site "https://www.chess.com"]

[Event "Titled Tuesday Blitz August 15 Early 2023"]
[White "Afanasieva, Alexandra"]
[Black "Iljin, Timofey"]
[WhiteFideId "34126926"]
[BlackFideId "14110180"]
[WhiteElo "2301"]
[BlackElo "2500"]
[Result "1-0"]
[Round "2"]
[TimeControl "180+1"]
[Date "2023.08.15"]
[WhiteClock "0:00:24"]
[BlackClock "0:00:05"]
[Board "178"]

1. e4 e5 2. Nf3 Nc6 3. Bb5 a6 4. Ba4 Nf6 5. O-O b5 6. Bb3 Nxe4 7. d4 d5 8. dxe5 Be6 9. a4 b4 10. a5 Bc5 11. Nbd2 O-O 12. Nxe4 dxe4 13. Nd2 e3 14. fxe3 Bxe3+ 15. Kh1 Nxe5 16. Bxe6 fxe6 17. Qe2 Bxd2 18. Bxd2 Qd5 19. Bxb4 Rxf1+ 20. Rxf1 Rd8 21. Qf2 h6 22. h3 Qc4 23. Bc3 Qd5 24. Qf4 Qc4 25. Bxe5 Qxf4 26. Rxf4 Rd5 27. Bc3 Rd1+ 28. Kh2 Rc1 29. Rc4 Rxc2 30. Rxc7 e5 31. Bxe5 Re2 32. Rxg7+ Kf8 33. Bc3 h5 34. Rh7 h4 35. Rxh4 Kf7 36. Rf4+ Ke6 37. Rb4 Kd5 38. Rb6 Kc4 39. Rxa6 Kb5 40. Rb6+ Kc5 41. Rh6 Kb5 42. a6 Re7 43. h4 Rf7 44. Rg6 Rd7 45. Rg5+ Kb6 46. h5 Kxa6 47. Rg6+ Kb5 48. h6 Rh7 49. Bd2 Kc4 50. Rg7 Rh8 51. h7 Kd5 52. Bc3 Ke6 53. Ra7 Rxh7+ 54. Rxh7 Kd5 55. Rh3 Ke6 56. g4 Ke7 57. Rf3 Ke6 58. g5 Ke7 59. g6 Kd6 60. g7 Ke7 61. g8=Q Kd7 62. Rf6 Ke7 63. Qg7+ Ke8 64. Rf8# 1-0


[Site "https://www.chess.com"]

[Event "Titled Tuesday Blitz August 15 Early 2023"]
[White "Shubenkova, Veronika"]
[Black "rionelG"]
[WhiteFideId "44124040"]
[WhiteElo "2500"]
[BlackElo "2299"]
[Result "0-1"]
[Round "2"]
[TimeControl "180+1"]
[Date "2023.08.15"]
[WhiteClock "0:00:01"]
[BlackClock "0:00:17"]
[Board "179"]

1. e4 c5 2. Nc3 d6 3. g3 g6 4. Bg2 Bg7 5. d3 Nc6 6. f4 e6 7. Nf3 Nge7 8. O-O O-O 9. Rb1 Rb8 10. Ne2 b5 11. Be3 Qa5 12. Nc1 b4 13. g4 f5 14. h3 Nd4 15. Nb3 Nxb3 16. axb3 Qc7 17. Kh2 Bb7 18. gxf5 exf5 19. exf5 Nxf5 20. Bd2 Rbe8 21. Rf2 Ne3 22. Bxe3 Rxe3 23. Ng5 Bxg2 24. Kxg2 d5 25. Qg4 Rf5 26. Rbf1 Bxb2 27. h4 Bf6 28. Re2 Qe7 29. Rfe1 d4 30. Rxe3 dxe3 31. Qf3 Bd4 32. Kg3 h6 33. Ne4 Kg7 34. Re2 Qc7 35. Rg2 Rxf4 36. Qe2 Rf2+ 37. Kh3 Rxe2 38. Rxe2 Qf4 39. Ng3 Qf3 40. h5 gxh5 41. Rg2 Be5 42. Kh4 Qg4# 0-1


[Site "https://www.chess.com"]

[Event "Titled Tuesday Blitz August 15 Early 2023"]
[White "Kiselev, Pavel"]
[Black "Delorme, Axel"]
[WhiteFideId "4191102"]
[BlackFideId "632023"]
[WhiteElo "2298"]
[BlackElo "2500"]
[Result "1-0"]
[Round "2"]
[TimeControl "180+1"]
[Date "2023.08.15"]
[WhiteClock "0:00:13"]
[BlackClock "0:00:00"]
[Board "180"]

1. Nf3 d5 2. c4 e6 3. d4 c6 4. e3 f5 5. Nc3 Nf6 6. Bd3 Bd6 7. O-O O-O 8. Nd2 Nbd7 9. f3 Kh8 10. e4 fxe4 11. fxe4 e5 12. exd5 cxd5 13. Nxd5 exd4 14. Ne4 Nxd5 15. cxd5 Rxf1+ 16. Qxf1 Be7 17. d6 Bf6 18. Nxf6 Nxf6 19. Bf4 Bd7 20. Re1 Nd5 21. Bg3 Qf6 22. Qxf6 gxf6 23. Bc4 Ne3 24. Bb3 Bc6 25. Bf2 Nxg2 26. Bxd4 Kg7 27. Re7+ Kg6 28. Bc2+ Kg5 29. Rg7+ Kf4 30. Bxf6 Ne3 31. Bg5+ Kf3 32. Rf7+ Ke2 33. Re7 Kd2 34. Bxh7 Rh8 35. Bxe3+ Kd1 36. Bd4 Rd8 37. Be5 Kc1 38. Bf5 a5 39. h4 Rg8+ 40. Rg7 Rd8 41. h5 a4 42. h6 1-0


[Site "https://www.chess.com"]

[Event "Titled Tuesday Blitz August 15 Early 2023"]
[White "FunnyDuck66"]
[Black "Pumpkin_in_moonlight"]
[WhiteElo "2499"]
[BlackElo "2296"]
[Result "1-0"]
[Round "2"]
[TimeControl "180+1"]
[Date "2023.08.15"]
[WhiteClock "0:00:13"]
[BlackClock "0:00:06"]
[Board "181"]

1. d4 Nf6 2. Nf3 g6 3. Bg5 Bg7 4. Nbd2 d5 5. e3 O-O 6. Be2 Nbd7 7. O-O b6 8. a4 a5 9. c4 Bb7 10. Rc1 Ne4 11. Bf4 dxc4 12. Bxc4 Nd6 13. Bb3 Rc8 14. Re1 c5 15. Nc4 Nxc4 16. Bxc4 cxd4 17. exd4 Nf6 18. b3 Nd5 19. Bg3 e6 20. Be5 Nb4 21. Bxg7 Kxg7 22. Qe2 Bd5 23. Qe5+ Qf6 24. h4 Rfd8 25. h5 h6 26. hxg6 Kxg6 27. Bxd5 Rxd5 28. Qg3+ Kh7 29. Rxc8 Nd3 30. Qg8# 1-0


[Site "https://www.chess.com"]

[Event "Titled Tuesday Blitz August 15 Early 2023"]
[White "Martinez Reyes, Pedro Ramon"]
[Black "Wang, Alexander J"]
[WhiteFideId "3901807"]
[BlackFideId "30955270"]
[WhiteElo "2499"]
[BlackElo "2295"]
[Result "1-0"]
[Round "2"]
[TimeControl "180+1"]
[Date "2023.08.15"]
[WhiteClock "0:01:20"]
[BlackClock "0:01:25"]
[Board "182"]

1. e4 c5 2. b3 d6 3. Bb2 Nc6 4. Bb5 Bd7 5. Nc3 a6 6. Bxc6 Bxc6 7. d4 cxd4 8. Qxd4 Nf6 9. f4 e6 10. O-O-O Be7 11. Nf3 Qc7 12. Kb1 O-O 13. g4 Ne8 14. g5 f6 15. Rhe1 e5 16. Qc4+ Kh8 17. gxf6 Bxf6 18. f5 b5 19. Qd3 Qb6 20. Nd5 Bxd5 21. Qxd5 Rd8 22. Qd3 Nc7 23. c4 bxc4 24. Qxc4 Nb5 25. a4 Nd4 26. Nxd4 exd4 27. Bxd4 Rc8 28. Bxb6 1-0


[Site "https://www.chess.com"]

[Event "Titled Tuesday Blitz August 15 Early 2023"]
[White "Wimalasuriya, Kasun M."]
[Black "Berezin, Viktor"]
[WhiteFideId "9906789"]
[BlackFideId "14107872"]
[WhiteElo "2294"]
[BlackElo "2499"]
[Result "0-1"]
[Round "2"]
[TimeControl "180+1"]
[Date "2023.08.15"]
[WhiteClock "0:01:50"]
[BlackClock "0:00:46"]
[Board "183"]

1. d4 Nf6 2. c4 g6 3. Nc3 Bg7 4. Nf3 O-O 5. g3 c6 6. Bg2 d6 7. O-O a5 8. h3 a4 9. Nxa4 Ne4 10. Nc3 Nxc3 11. bxc3 Qa5 12. Qb3 Nd7 13. e4 Nf6 14. Re1 b5 15. cxb5 cxb5 16. e5 Be6 17. Qb2 Nd5 18. Bd2 Qa4 19. Ng5 Nb6 20. Nxe6 fxe6 21. exd6 Nc4 22. Qc1 exd6 23. Bxa8 Qxa8 24. Bh6 Qf3 25. Rf1 Rf5 26. Bxg7 Kxg7 27. Qd1 Qxc3 28. Qe1 Nd2 29. Qe3 Nf3+ 30. Kg2 Qc6 31. g4 Ne1+ 32. Kg3 Qg2+ 33. Kh4 Nf3+ 0-1


[Site "https://www.chess.com"]

[Event "Titled Tuesday Blitz August 15 Early 2023"]
[White "maksimys18"]
[Black "Rodriguez Santiago, Jaime"]
[BlackFideId "3100898"]
[WhiteElo "2497"]
[BlackElo "2292"]
[Result "1-0"]
[Round "2"]
[TimeControl "180+1"]
[Date "2023.08.15"]
[WhiteClock "0:00:26"]
[BlackClock "0:00:02"]
[Board "184"]

1. d4 Nf6 2. Nf3 d5 3. c4 e6 4. Nc3 c5 5. Bg5 dxc4 6. e4 Nc6 7. d5 exd5 8. exd5 Nb4 9. Bxc4 Qe7+ 10. Be2 h6 11. Bh4 g5 12. Bg3 Bg4 13. O-O O-O-O 14. d6 Qe6 15. Nb5 a6 16. a3 Nc6 17. Nc7 Qd7 18. Ne5 Nxe5 19. Bxe5 Bxe2 20. Qxe2 Qf5 21. Nxa6 Bxd6 22. Bxd6 Rxd6 23. Nxc5 Re8 24. Qb5 Re7 25. Rac1 Rc6 26. b4 Qf4 27. g3 Qd2 28. Rcd1 Qe2 29. Qa5 Nd7 30. Qa8+ Nb8 31. Rd8+ Kxd8 32. Qxb8+ Rc8 33. Nxb7+ Kd7 34. Nc5+ Ke8 35. Qxc8# 1-0


[Site "https://www.chess.com"]

[Event "Titled Tuesday Blitz August 15 Early 2023"]
[White "Konenkin, Dmitry"]
[Black "Reprintsev, Alexander"]
[WhiteFideId "4185781"]
[BlackFideId "14100541"]
[WhiteElo "2291"]
[BlackElo "2497"]
[Result "0-1"]
[Round "2"]
[TimeControl "180+1"]
[Date "2023.08.15"]
[WhiteClock "0:00:00"]
[BlackClock "0:01:10"]
[Board "185"]

1. d4 d5 2. Bg5 Nc6 3. Nf3 f6 4. Bh4 Nh6 5. e3 Nf5 6. Bd3 h5 7. h3 g5 8. Bg3 Nxg3 9. Bg6+ Kd7 10. fxg3 e6 11. c4 Bd6 12. O-O Bxg3 13. cxd5 exd5 14. Nc3 Ne7 15. Bf7 c6 16. Nd2 f5 17. Bxh5 Kc7 18. Rc1 Kb8 19. b4 a6 20. a4 Bc7 21. b5 Qd6 22. Bf3 axb5 23. axb5 g4 24. hxg4 Qg3 0-1


[Site "https://www.chess.com"]

[Event "Titled Tuesday Blitz August 15 Early 2023"]
[White "Mammadzada, Gunay"]
[Black "Levitan, Caleb Levi"]
[WhiteFideId "13403729"]
[BlackFideId "14332620"]
[WhiteElo "2496"]
[BlackElo "2291"]
[Result "1-0"]
[Round "2"]
[TimeControl "180+1"]
[Date "2023.08.15"]
[WhiteClock "0:00:06"]
[BlackClock "0:00:00"]
[Board "186"]

1. e4 e5 2. Nf3 Nc6 3. g3 Nf6 4. d3 Bc5 5. Bg2 d6 6. O-O O-O 7. Nc3 h6 8. h3 Nd4 9. Nxd4 Bxd4 10. Kh2 Be6 11. f4 exf4 12. gxf4 Kh8 13. f5 Bd7 14. Bf4 Be5 15. d4 Bxf4+ 16. Rxf4 Qe7 17. Qe2 Rae8 18. Rg1 Bc6 19. Bf3 Rg8 20. Qg2 b5 21. b4 Nh7 22. h4 g5 23. fxg6 Rxg6 24. Qf2 Rxg1 25. Kxg1 Rg8+ 26. Kh2 Bd7 27. Bg2 Rg7 28. Nd5 Qf8 29. Nxc7 Qb8 30. Nd5 Be6 31. Nf6 Nxf6 32. Rxf6 d5+ 33. e5 Kh7 34. Qf4 Rg6 35. Rxg6 fxg6 36. c3 Qe8 37. Bf1 a6 38. Bd3 h5 39. Qf6 Kh6 40. Kg3 Kh7 41. Kf4 Kh6 42. Qg5+ Kh7 43. Qf6 Kh6 44. Ke3 Kh7 45. Kd2 Kh6 46. Kc2 Kh7 47. Kb2 Kh6 48. a4 bxa4 49. Ka3 Kh7 50. Bc2 1-0


[Site "https://www.chess.com"]

[Event "Titled Tuesday Blitz August 15 Early 2023"]
[White "Mihailidis, Anastasios"]
[Black "Ai, Evan"]
[WhiteFideId "4205588"]
[BlackFideId "2094770"]
[WhiteElo "2493"]
[BlackElo "2290"]
[Result "1-0"]
[Round "2"]
[TimeControl "180+1"]
[Date "2023.08.15"]
[WhiteClock "0:01:58"]
[BlackClock "0:00:48"]
[Board "187"]

1. e4 c5 2. Nf3 d6 3. d4 cxd4 4. Nxd4 Nf6 5. f3 e5 6. Nb3 Be6 7. c4 a5 8. a4 Nc6 9. Be3 Qc7 10. Nc3 Nb4 11. Rc1 Qd7 12. Be2 Rc8 13. Nb5 Be7 14. O-O O-O 15. Qd2 Ra8 16. Rfd1 Ra6 17. Nxa5 Rxa5 18. Qxb4 Rfa8 19. b3 d5 20. Bc5 Bxc5+ 21. Qxc5 Rc8 22. Qb4 1-0


[Site "https://www.chess.com"]

[Event "Titled Tuesday Blitz August 15 Early 2023"]
[White "Ouellet, Maili-Jade"]
[Black "Baches Garcia, Guillermo"]
[WhiteFideId "2620472"]
[BlackFideId "2209764"]
[WhiteElo "2286"]
[BlackElo "2492"]
[Result "0-1"]
[Round "2"]
[TimeControl "180+1"]
[Date "2023.08.15"]
[WhiteClock "0:00:00"]
[BlackClock "0:00:36"]
[Board "188"]

1. e4 c5 2. Nf3 d6 3. d4 cxd4 4. Nxd4 Nf6 5. Nc3 Nc6 6. Bg5 e6 7. Qd3 Bd7 8. Ndb5 Nb4 9. Qd1 a6 10. Bxf6 gxf6 11. a3 axb5 12. axb4 Rxa1 13. Qxa1 Qb6 14. Bd3 Ke7 15. O-O Bg7 16. Re1 h5 17. h3 Rc8 18. Qd1 Qd4 19. Qxh5 Qxb4 20. Qh7 Kf8 21. Re3 Qxb2 22. Rg3 Qc1+ 23. Kh2 Bh6 24. Bxb5 Bxb5 25. Qg8+ Ke7 26. Qxc8 Bd7 27. Qb8 Bf4 28. Ne2 Bxg3+ 29. fxg3 Qxc2 30. Nf4 Qxe4 31. h4 e5 32. Nh3 Bc6 0-1


[Site "https://www.chess.com"]

[Event "Titled Tuesday Blitz August 15 Early 2023"]
[White "Huynh, Lam Binh Nguyen"]
[Black "Besedes, Danilo"]
[WhiteFideId "12401633"]
[BlackFideId "946796"]
[WhiteElo "2284"]
[BlackElo "2489"]
[Result "1-0"]
[Round "2"]
[TimeControl "180+1"]
[Date "2023.08.15"]
[WhiteClock "0:00:17"]
[BlackClock "0:00:12"]
[Board "189"]

1. d4 g6 2. e4 Bg7 3. Nc3 c6 4. h4 h5 5. Nf3 d6 6. Be3 Bg4 7. Qd2 e6 8. Bc4 d5 9. Bb3 Nf6 10. e5 Nfd7 11. Ng5 c5 12. Ba4 Nc6 13. Nb5 O-O 14. c3 Bf5 15. O-O a6 16. Nd6 b5 17. Bd1 cxd4 18. cxd4 Ndxe5 19. dxe5 Nxe5 20. Nxf5 exf5 21. Bb3 Nc4 22. Bxc4 dxc4 23. Qc2 Qf6 24. Rab1 Rfd8 25. g3 Rd3 26. Rfe1 Rad8 27. a4 Qc6 28. axb5 axb5 29. Qe2 b4 30. Nh3 Rb3 31. Nf4 Qe4 32. Bb6 Qxe2 33. Rxe2 Rb8 34. Bc7 Rb7 35. Be5 Bxe5 36. Rxe5 c3 37. Re2 Rc7 38. Rc2 Rd7 39. Kf1 Ra7 40. Ke2 Ra2 41. Nd3 cxb2 42. Rbxb2 Rbxb2 43. Rxb2 b3 44. Kd2 Kg7 45. Kc3 Ra1 46. Kxb3 Rd1 47. Kc3 Ra1 48. Kd4 Ra4+ 49. Rb4 Ra3 50. Rb7 Ra4+ 51. Ke3 Re4+ 52. Kf3 Re6 53. Nf4 Rd6 54. Rb5 Kf6 55. Rd5 Ra6 56. Ke3 Ra3+ 57. Nd3 Ra6 58. Rb5 Rd6 59. Ne5 Re6 60. Kf4 Ra6 61. Nf3 Ra4+ 62. Ke3 Ra3+ 63. Ke2 Ra2+ 64. Kf1 Ra6 65. Ng5 Rb6 66. Rxb6+ 1-0


[Site "https://www.chess.com"]

[Event "Titled Tuesday Blitz August 15 Early 2023"]
[White "Goncalves, Davi Sulzbacher"]
[Black "LLariMarc"]
[WhiteFideId "2154510"]
[WhiteElo "2489"]
[BlackElo "2283"]
[Result "1-0"]
[Round "2"]
[TimeControl "180+1"]
[Date "2023.08.15"]
[WhiteClock "0:01:02"]
[BlackClock "0:02:13"]
[Board "190"]

1. e4 e6 2. d4 d5 3. Nd2 dxe4 4. Nxe4 Nf6 5. Bg5 Be7 6. Bxf6 gxf6 7. Nf3 f5 8. Ng3 Bf6 9. c3 c5 10. Bb5+ Bd7 11. Bxd7+ Nxd7 12. d5 O-O 13. dxe6 fxe6 14. Qd6 Qe7 15. O-O-O Rad8 16. Rhe1 Kf7 17. Nxf5 Qxd6 18. Nxd6+ Ke7 19. Nxb7 Kf7 20. Rd6 Be7 21. Nxd8+ Rxd8 22. Rdxe6 Bf6 23. g4 1-0


[Site "https://www.chess.com"]

[Event "Titled Tuesday Blitz August 15 Early 2023"]
[White "Diaz, Fernando"]
[Black "feuervogel1000000"]
[WhiteFideId "3701255"]
[WhiteElo "2278"]
[BlackElo "2487"]
[Result "0-1"]
[Round "2"]
[TimeControl "180+1"]
[Date "2023.08.15"]
[WhiteClock "0:00:20"]
[BlackClock "0:01:28"]
[Board "191"]

1. e4 c5 2. d4 cxd4 3. c3 dxc3 4. Nxc3 e6 5. Nf3 Nc6 6. Bc4 a5 7. O-O Bb4 8. Nb5 d6 9. Be3 Nf6 10. a3 Bc5 11. Bxc5 dxc5 12. Nd6+ Ke7 13. e5 Ng4 14. Qd2 f6 15. Nxc8+ Rxc8 16. exf6+ gxf6 17. Qf4 Nge5 18. Ba2 Qd3 19. Rad1 Nxf3+ 20. gxf3 Qg6+ 21. Kh1 Rhd8 22. Rde1 e5 23. Qc4 Nd4 24. f4 b5 25. Qc1 Qh5 26. Re3 Ne2 27. Rxe2 Qxe2 28. fxe5 Qf3+ 0-1


[Site "https://www.chess.com"]

[Event "Titled Tuesday Blitz August 15 Early 2023"]
[White "Nguyen Hong Nhung"]
[Black "Efremov, Vladislav"]
[WhiteFideId "12412201"]
[BlackFideId "44159935"]
[WhiteElo "2487"]
[BlackElo "2277"]
[Result "1-0"]
[Round "2"]
[TimeControl "180+1"]
[Date "2023.08.15"]
[WhiteClock "0:00:10"]
[BlackClock "0:00:00"]
[Board "192"]

1. e4 c5 2. Nc3 Nc6 3. f4 g6 4. Nf3 Bg7 5. Bc4 e6 6. O-O Nge7 7. d3 O-O 8. Qe1 d5 9. Bb3 Nd4 10. Nxd4 Bxd4+ 11. Kh1 b6 12. e5 Bxc3 13. Qxc3 d4 14. Qe1 Bb7 15. Qe2 Nf5 16. Bd2 Qh4 17. Kg1 Rad8 18. Rad1 Kg7 19. a4 Qe7 20. Rfe1 h5 21. c3 h4 22. Qg4 Rh8 23. h3 Ba8 24. cxd4 Nxd4 25. Bc4 Qb7 26. Bc3 Nf5 27. Re2 Ng3 28. Red2 Rh5 29. b4 a6 30. Rb1 Qc7 31. bxc5 Qxc5+ 32. Kh2 Bc6 33. Rdb2 b5 34. axb5 axb5 35. Bb4 Qd4 36. Ba2 Ra8 37. Be7 b4 38. Bf6+ Kh7 39. Bxh4 Nf5 40. Bf2 Qxd3 41. Bb3 Ra3 42. Bc2 Qd5 43. Rxb4 Ra2 44. R4b2 Rxb2 45. Rxb2 Nd4 46. Bxd4 Qxd4 47. Ra2 Qd5 48. Ra7 Kg7 49. Bxg6 Rh4 50. Rxf7+ Kg8 51. Qg5 Be8 52. Be4+ Kxf7 53. Bxd5 exd5 54. Qxh4 1-0


[Site "https://www.chess.com"]

[Event "Titled Tuesday Blitz August 15 Early 2023"]
[White "Barwinska, Ewa"]
[Black "Mackster23"]
[WhiteFideId "21833761"]
[WhiteElo "2277"]
[BlackElo "2486"]
[Result "0-1"]
[Round "2"]
[TimeControl "180+1"]
[Date "2023.08.15"]
[WhiteClock "0:00:55"]
[BlackClock "0:00:23"]
[Board "193"]

1. e4 c5 2. b3 g6 3. Bb2 Nf6 4. e5 Nd5 5. e6 f6 6. exd7+ Qxd7 7. Nf3 Nc6 8. Bc4 e5 9. O-O Nb6 10. Bb5 a6 11. Be2 Bg7 12. a4 O-O 13. a5 Nd5 14. Bc4 Kh8 15. d3 Nf4 16. Nbd2 Qg4 17. g3 Nh3+ 18. Kh1 Be6 19. Bxe6 Qxe6 20. Ne4 Qe7 21. Ba3 Nb4 22. c3 f5 23. Nxc5 Qxc5 24. Bxb4 Nxf2+ 25. Kg2 Qxb4 26. Rxf2 Qxc3 27. Rc1 Qxa5 28. Rfc2 Rad8 29. Qe2 Qd5 30. Rc5 Qxd3 31. Nxe5 Qxe2+ 0-1


[Site "https://www.chess.com"]

[Event "Titled Tuesday Blitz August 15 Early 2023"]
[White "Tomaszewski, Kacper"]
[Black "Garcia-Castany Musellas, Gal.la"]
[WhiteFideId "1127373"]
[BlackFideId "2241803"]
[WhiteElo "2486"]
[BlackElo "2274"]
[Result "1-0"]
[Round "2"]
[TimeControl "180+1"]
[Date "2023.08.15"]
[WhiteClock "0:01:47"]
[BlackClock "0:00:45"]
[Board "194"]

1. Nf3 Nf6 2. e3 e6 3. b3 Be7 4. Bb2 O-O 5. g3 c5 6. Bg2 Nc6 7. O-O d5 8. c4 dxc4 9. bxc4 Qd3 10. Qb3 Rd8 11. Qxd3 Rxd3 12. Rc1 Rb8 13. Ne5 Nxe5 14. Bxe5 Bd6 15. Bxf6 gxf6 16. Be4 Be5 17. Bxd3 Bxa1 18. Nc3 Bxc3 19. Rxc3 b6 20. Kf1 Bb7 21. Ra3 a6 22. Ke2 Kf8 23. f3 h6 24. Be4 a5 25. Rb3 Bxe4 26. fxe4 Ke7 27. d4 Kd6 28. Kd3 Rg8 29. Rxb6+ Kc7 30. Rb5 cxd4 31. exd4 Ra8 32. Rh5 Kd6 33. Rxh6 Rb8 34. Rxf6 Rb2 35. Rxf7 Rxh2 36. c5+ Kc6 37. Re7 Rxa2 38. Rxe6+ Kd7 39. Ra6 Ra1 40. Kc4 a4 41. Kb4 Rd1 42. Kc3 Ra1 43. Kb2 Re1 44. Rxa4 Rxe4 45. Kc3 Re3+ 46. Kc4 Rxg3 47. Ra7+ Kd8 48. d5 Rg1 49. c6 Rd1 50. Kc5 Rb1 51. Kd6 1-0


[Site "https://www.chess.com"]

[Event "Titled Tuesday Blitz August 15 Early 2023"]
[White "Hrescak, Ivana"]
[Black "Koutlas, Nikolaos"]
[WhiteFideId "14613441"]
[BlackFideId "25827138"]
[WhiteElo "2274"]
[BlackElo "2485"]
[Result "0-1"]
[Round "2"]
[TimeControl "180+1"]
[Date "2023.08.15"]
[WhiteClock "0:00:45"]
[BlackClock "0:01:04"]
[Board "195"]

1. e4 e6 2. d4 d5 3. Nc3 Nf6 4. e5 Nfd7 5. f4 c5 6. Nf3 Nc6 7. Be3 Be7 8. a3 f5 9. exf6 gxf6 10. Ne2 O-O 11. c3 Nb6 12. h4 Nc4 13. Bc1 cxd4 14. Nexd4 e5 15. Nxc6 bxc6 16. Bxc4 dxc4 17. Qxd8 Rxd8 18. fxe5 Bc5 19. exf6 Re8+ 20. Kf1 Bf5 21. Nd4 Bd3+ 22. Kf2 Re2+ 23. Kf3 Bxd4 24. cxd4 Rf8 25. Bg5 h6 26. Bxh6 Rxf6+ 27. Bf4 Rxb2 28. Rhe1 Bg6 29. Rac1 Bf7 30. g4 Bd5+ 31. Kg3 Rg2+ 32. Kh3 Rxf4 33. Re5 Rgxg4 34. Rce1 Rxh4+ 35. Kg3 Rfg4+ 36. Kf2 Rh3 37. Re8+ Kf7 38. R1e7+ Kf6 39. Rxa7 Rg2+ 40. Kf1 Rh1# 0-1


[Site "https://www.chess.com"]

[Event "Titled Tuesday Blitz August 15 Early 2023"]
[White "Gurevich, Dmitry"]
[Black "San Thit Lwin"]
[WhiteFideId "2000407"]
[BlackFideId "13001272"]
[WhiteElo "2485"]
[BlackElo "2272"]
[Result "1-0"]
[Round "2"]
[TimeControl "180+1"]
[Date "2023.08.15"]
[WhiteClock "0:00:18"]
[BlackClock "0:00:12"]
[Board "196"]

1. d4 Nf6 2. c4 c5 3. Nf3 e6 4. d5 exd5 5. cxd5 d6 6. e4 g6 7. Bd3 Bg7 8. O-O O-O 9. h3 a6 10. a4 Nbd7 11. Nbd2 Qc7 12. Nc4 Re8 13. Re1 Rb8 14. Bf4 Bf8 15. a5 Nh5 16. Bh2 b5 17. axb6 Nxb6 18. Na5 Nd7 19. Qd2 Rb4 20. Nc6 Rb6 21. Bc4 Bg7 22. Ra2 Bb7 23. b3 Nhf6 24. e5 dxe5 25. Nfxe5 Nxe5 26. Bxe5 Qd7 27. Qc3 Bxc6 28. dxc6 Rxc6 29. Rxa6 Nd5 30. Qa1 Rxa6 31. Bxa6 Bxe5 32. Rxe5 Nb4 33. Bc4 Re7 34. Qe1 Qe8 35. Rxe7 Qxe7 36. Qxe7 Kg7 37. Qxf7+ 1-0


[Site "https://www.chess.com"]

[Event "Titled Tuesday Blitz August 15 Early 2023"]
[White "Ivanova, Karina"]
[Black "Pandey Srishti"]
[WhiteFideId "24139750"]
[BlackFideId "35093290"]
[WhiteElo "2271"]
[BlackElo "2484"]
[Result "1-0"]
[Round "2"]
[TimeControl "180+1"]
[Date "2023.08.15"]
[WhiteClock "0:00:10"]
[BlackClock "0:00:03"]
[Board "197"]

1. d4 Nf6 2. Nf3 g6 3. c4 Bg7 4. g3 d6 5. Bg2 O-O 6. O-O Nbd7 7. Nc3 e5 8. e4 c6 9. h3 Re8 10. Be3 exd4 11. Nxd4 Nc5 12. Qc2 a5 13. Rfe1 Bd7 14. Rad1 Qc8 15. Kh2 Re5 16. Nf3 Rh5 17. h4 Ng4+ 18. Kg1 Nxe3 19. Rxe3 Bh6 20. Ree1 Qc7 21. b3 Re8 22. a3 Bg7 23. Nd4 Rhe5 24. b4 axb4 25. axb4 Na6 26. Qb3 R5e7 27. Re2 Qb6 28. Nc2 Bg4 29. Na4 Qa7 30. Bf3 Bxf3 31. Qxf3 Nxb4 32. Nxb4 Qxa4 33. Rb1 Bd4 34. Ra2 Qxa2 35. Nxa2 Rxe4 36. Rxb7 Re1+ 37. Kg2 Rf8 38. Qd3 Bc5 39. Rb2 Ra8 40. Re2 Ra1 41. Nc3 R1a3 42. Qc2 f5 43. h5 Bd4 44. Nd1 c5 45. hxg6 hxg6 46. g4 Rf8 47. Ne3 Bxe3 48. Rxe3 Ra7 49. gxf5 Rxf5 50. Rg3 Rg7 51. Qd3 Rf6 52. Rg5 Re7 53. Rxg6+ Rxg6+ 54. Qxg6+ Rg7 55. Qxg7+ Kxg7 56. Kf3 Kf6 57. Ke4 Ke6 58. f3 Kd7 59. Kd5 Kc7 60. f4 Kd7 61. f5 Ke7 62. Kc6 Kf6 63. Kxd6 Kxf5 64. Kxc5 Ke6 65. Kc6 Ke7 66. Kc7 1-0


[Site "https://www.chess.com"]

[Event "Titled Tuesday Blitz August 15 Early 2023"]
[White "Marn, Jan"]
[Black "Ardila, Oscar Humberto"]
[WhiteFideId "14619245"]
[BlackFideId "4404742"]
[WhiteElo "2482"]
[BlackElo "2265"]
[Result "1-0"]
[Round "2"]
[TimeControl "180+1"]
[Date "2023.08.15"]
[WhiteClock "0:00:56"]
[BlackClock "0:00:28"]
[Board "198"]

1. f4 Nf6 2. Nf3 g6 3. e3 Bg7 4. Be2 O-O 5. O-O d6 6. d3 Nbd7 7. Nbd2 c5 8. Qe1 b5 9. a4 b4 10. Qh4 Bb7 11. e4 Re8 12. Rf2 Qc7 13. Nf1 Rac8 14. f5 d5 15. Bf4 Qb6 16. e5 Nh5 17. Ng5 Nxe5 18. Bxh5 h6 19. Bxe5 hxg5 20. Qxg5 Bxe5 21. fxg6 fxg6 22. Bxg6 Bg7 23. Qh5 Qf6 24. Rxf6 exf6 25. Bxe8 Kf8 26. Qf7# 1-0


[Site "https://www.chess.com"]

[Event "Titled Tuesday Blitz August 15 Early 2023"]
[White "AndresDelgado77"]
[Black "Bochnicka, Vladimir"]
[BlackFideId "14943450"]
[WhiteElo "2263"]
[BlackElo "2482"]
[Result "0-1"]
[Round "2"]
[TimeControl "180+1"]
[Date "2023.08.15"]
[WhiteClock "0:00:00"]
[BlackClock "0:00:20"]
[Board "199"]

1. e4 e5 2. Nc3 Nf6 3. d4 d6 4. Bg5 Be7 5. Nge2 O-O 6. f3 Nxe4 7. Bxe7 Nxc3 8. Bxd8 Nxd1 9. Bxc7 Ne3 10. Bxd6 Nxc2+ 11. Kd2 Nxa1 12. Bxf8 Kxf8 13. dxe5 Nc6 14. Ng3 Nb4 15. Bc4 Nac2 16. a3 Be6 17. Bxe6 Rd8+ 18. Kc3 fxe6 19. axb4 Ne3 20. Re1 Nxg2 21. Re4 g5 22. Nh5 Nh4 23. f4 gxf4 24. Rxf4+ Nf5 25. Nf6 Rc8+ 26. Kb3 h6 27. Nd7+ Ke7 28. Nc5 b6 29. Nd3 Rd8 30. Nf2 Rd2 0-1


[Site "https://www.chess.com"]